 Dungeon Crawl Stone Soup version 0.31-a0-128-g25add195a6 (webtiles) character file.

Game seed: 10491365905594944181

51 Pimp the Shooter (level 3, -3/21 HPs)
             Began as a Deep Elf Hunter on June 1, 2023.
             Slain by a gnoll
             ... wielding a +0 spear
              (6 damage)
             ... on level 2 of the Dungeon.
             The game lasted 00:01:20 (854 turns).

Pimp the Shooter (Deep Elf Hunter)                   Turns: 854, Time: 00:01:20

Health: -3/21      AC:  3    Str:  8    XL:     3   Next: 57%
Magic:  5/5        EV:  7    Int: 13    God:
Gold:   42         SH:  0    Dex: 20    Spells: 2/2 levels left

rFire   . . .        a - +0 shortbow
rCold   . . .        (shield currently unavailable)
rNeg    . . .        c - +0 leather armour
rPois   .            (no helmet)
rElec   .            (no cloak)
rCorr   .            (no gloves)
SInv    .            (no boots)
Will    .....        (no amulet)
Stlth   ++           (no ring)
HPRegen 0.23/turn    (no ring)
MPRegen 0.09/turn

%: no passive effects
@: held
A: no striking features
a: no special abilities


You were on level 2 of the Dungeon.
You visited 1 branch of the dungeon, and saw 2 of its levels.

You collected 42 gold pieces.

Inventory:

Hand Weapons
 a - a +0 shortbow (weapon)
Armour
 c - a +0 leather armour (worn)
Scrolls
 b - a scroll of butterflies
 e - a scroll of fear {unknown}
 g - a scroll of poison {unknown}
 h - 2 scrolls of identify {unknown}


   Skills:
 + Level 2.1 Fighting
 + Level 5.7 Ranged Weapons
 + Level 3.1 Dodging
 + Level 2.5 Stealth


You had 2 spell levels left.
You didn't know any spells.
Your spell library was empty.

Dungeon Overview and Level Annotations

Branches:
Dungeon (2/15)

Altars:


Message History

The gnoll is heavily wounded.
The gnoll barely misses you.
You shoot an arrow. The arrow hits the gnoll.
The gnoll is severely wounded.
The gnoll hits you from afar with a +0 spear.
You shoot an arrow. The arrow closely misses the gnoll.
The arrow hits the gnoll!
The gnoll is heavily wounded.
The gnoll hits you from afar with a +0 spear.
There is a stone staircase leading down here.
You shoot an arrow. The arrow hits the gnoll!
You kill the gnoll!
You shoot an arrow. The arrow hits the gnoll!
The gnoll is almost dead.
You shoot an arrow. The arrow hits the gnoll.
You kill the gnoll!
You shoot an arrow. The arrow hits the gnoll.
The gnoll is moderately wounded.
The gnoll throws a throwing net.
The throwing net hits you.
You become entangled in the net!
You struggle against the net.
You struggle against the net.
The gnoll hits you from afar with a +0 spear.
You struggle against the net.
The gnoll closely misses you.
You are too injured to fight recklessly!
You are too injured to fight recklessly!
You struggle against the net.
The gnoll hits you from afar with a +0 spear!
* * * LOW HITPOINT WARNING * * *
You rip the net and break free!
The gnoll hits you but does no damage. The gnoll misses you.
You shoot an arrow. The arrow closely misses the gnoll.
The arrow hits the gnoll.
The gnoll is moderately wounded.
The gnoll throws a throwing net.
The throwing net hits you.
You become entangled in the net!
Unknown command.
You tear a large gash into the net.
The gnoll hits you but does no damage.
The gnoll hits you from afar with a +0 spear.
You die...

.#.### #....##.### ....#
.....###### #.##.##.#(#♣..♣...
##.#......# #....##.#.♣~~~~~~~
...##...#.###.##......~~.~~~~~
######.........#.##...~~P~≈~≈P
######.##......#)#..#.~.~~~~~~
.........#####..g..##..~~.~.~P
.........# #...........P~~.~~~
.........# #...g@.....)..P...♣
.........# #...........#######
.........# #...........#
.........#
#..)......).##########
.........#
#...........#.........
#.########
#.............#.......
#.#.####....#.....####
#.#...####......####..
#.##....####..####....


You could see 2 gnolls.

Vanquished Creatures
  2 gnolls (D:2)
  An adder (D:2)
  A worm (D:2)
  A dart slug (D:1)
  2 endoplasms (D:2)
  A giant cockroach (D:2)
  3 goblins
  3 kobolds
  2 ball pythons (D:1)
  A bat (D:2)
  3 rats
20 creatures vanquished.

Notes
Turn   | Place    | Note
-------+----------+-------------------------------------------
     0 | D:1      | Pimp the Deep Elf Hunter began the quest for the Orb.
     0 | D:1      | Reached XP level 1. HP: 12/12 MP: 3/3
   450 | D:1      | Reached XP level 2. HP: 17/17 MP: 4/4
   768 | D:2      | Reached XP level 3. HP: 21/21 MP: 5/5
   854 | D:2      | Slain by a gnoll

Illustrated notes

Levels and vault maps discovered:
D:1:      amcnicky_arrival_wind_blow, layout_basic
D:2:      layout_basic, shapermc_ecumenical_altar_pompeii, minmay_misc_feat_x,
          serial_bayou_pond_b, nicolae_figureground_sparkle, uniq_jessica

Skill      XL: |  1  2  3 |
---------------+----------+-----
Stealth        | 2 |  2.5
Fighting       | 2 |  2.1
Dodging        | 3 |  3.1
Ranged Weapons | |  5.7

Action                     || total
---------------------------++-------
   Fire: Shortbow          ||    72
    Use: Potion            ||     2
 Armour: Leather armour    ||     9
  Dodge: Dodged            ||    21

Table legend: (Time is in decaauts)
 A = Elapsed time spent in this place.
 B = Non-inter-level travel time spent in this place.
 C = Inter-level travel time spent in this place.
 D = Time resting spent in this place.
 E = Time spent auto-exploring this place.
 F = Levels seen in this place.
 G = Mean time per level.
                   A        B        C        D        E       F      G
               +--------+--------+--------+--------+--------+-----+--------+
         Total |    867 |    857 |     10 |     17 |    682 |   2 |  433.5 |
       Dungeon |    867 |    857 |     10 |     17 |    682 |   2 |  433.5 |
               +--------+--------+--------+--------+--------+-----+--------+

Top non-repeatable levels by time:
     D:1: 532 daAuts
     D:2: 335 daAuts
